 Dungeon Crawl Stone Soup version 0.30-a0-385-gfebfb9b408 (webtiles) character file.

Game seed: 16623794267511151686

170490 leviel the Severer (level 17, -15/162 HPs)
             Began as a Hill Orc Fighter on Dec 2, 2022.
             Was the Champion of Makhleb.
             Killed from afar by a thorn hunter (39 damage)
             ... with a volley of thorns
             ... on level 4 of the Swamp.
             The game lasted 00:52:25 (24455 turns).

leviel the Severer (Hill Orc Fighter)              Turns: 24455, Time: 00:52:26

Health: -15/162    AC: 35    Str: 33    XL:     17   Next: 99%
Magic:  26/26      EV: 10    Int:  8    God:    Makhleb [******]
Gold:   597        SH: 14    Dex: 16    Spells: 16/16 levels left

rFire   + . .      SeeInvis +    a - +7 broad axe (elec)
rCold   + + .      Faith    +    T - +0 kite shield
rNeg    . . .      Spirit   .    m - +7 plate armour
rPois   +          Reflect  .    G - +2 hat
rElec   +          Harm     .    k - +0 cloak
rCorr   +          Rampage  +    R - +2 pair of gloves
Will    +....                    o - +2 pair of boots {rampage}
Stlth   ..........               P - amulet "Ydghiotecs" {Faith rElec rF+ rC++ Regen+}
HPRegen 1.27/turn                d - +6 ring of strength
MPRegen 0.20/turn                c - ring of Xuqaurch {rElec rPois rCorr Dex+6 SInv}

@: lethally poisoned (-15 -> -16), hasted, studying Staves, very quick
A: talons 1, low MP 1, screaming 2
a: Renounce Religion, Minor Destruction, Lesser Servant of Makhleb, Major
Destruction, Greater Servant of Makhleb


You were on level 4 of the Swamp.
You worshipped Makhleb.
Makhleb was exalted by your worship.
You visited 5 branches of the dungeon, and saw 27 of its levels.
You also visited: Ossuary and Gauntlet.

You collected 2740 gold pieces.
You spent 2143 gold pieces at shops.

Inventory:

Hand Weapons
 a - a +7 broad axe of electrocution (weapon)
 U - a +2 battleaxe of flaming
Missiles
 B - 8 throwing nets
Armour
 k - a +0 cloak (worn)
 m - a +7 plate armour (worn)
 o - a +2 pair of boots of rampaging (worn)
 G - a +2 hat (worn)
 R - a +2 pair of gloves (worn)
 T - a +0 kite shield (worn)
Jewellery
 c - the ring of Xuqaurch (right hand) {rElec rPois rCorr Dex+6 SInv}
   (You bought it in a shop on level 2 of the Orcish Mines)

   [ring of dexterity]

   Dex:       It affects your dexterity (+6).
   rElec:     It insulates you from electricity.
   rPois:     It protects you from poison.
   SInv:      It lets you see invisible.
   rCorr:     It protects you from acid and corrosion.
 d - a +6 ring of strength (left hand)
 C - a ring of protection from fire
 M - an amulet of magic regeneration
 P - the amulet "Ydghiotecs" (around neck) {Faith rElec rF+ rC++ Regen+}
   (You bought it in a shop on level 2 of the Orcish Mines)

   [amulet of faith]

   It allows you to gain divine favour quickly.
   rF:        It protects you from fire.
   rC:        It greatly protects you from cold.
   rElec:     It insulates you from electricity.
   Regen:     It increases your rate of health regeneration.
 W - a +6 ring of strength
 X - a +4 ring of protection
 Z - a ring of protection from fire
Wands
 f - a wand of paralysis (27)
 r - a wand of flame (30) (quivered)
 D - a wand of digging (4)
 J - a wand of acid (6)
 V - a wand of polymorph (12)
Scrolls
 b - 4 scrolls of silence
 g - 4 scrolls of blinking
 h - 13 scrolls of teleportation
 n - 16 scrolls of identify {@r1}
 p - a scroll of amnesia
 q - 2 scrolls of brand weapon {unknown}
 u - 7 scrolls of fear
 z - a scroll of summoning
 E - 6 scrolls of fog
 I - a scroll of immolation {unknown}
 Q - 4 scrolls of poison
 Y - a scroll of enchant armour {@r2}
Potions
 e - 16 potions of curing
 i - 5 potions of attraction
 j - 2 potions of invisibility
 w - 4 potions of flight
 x - a potion of berserk rage
 A - a potion of haste
 F - 4 potions of cancellation
 H - 3 potions of brilliance
 K - 2 potions of magic
 L - a potion of ambrosia
 N - a potion of might
 O - a potion of resistance
Miscellaneous
 l - a phial of floods
 t - a phantom mirror
 v - a condenser vane
 y - a lightning rod (4/4)


   Skills:
 + Level 17.4 Fighting
 - Level 18.0 Axes
 + Level 16.0 Armour
 + Level 5.2 Dodging
 + Level 16.1 Shields
 - Level 17.9 Invocations


You had 16 spell levels left.
You didn't know any spells.
Your spell library contained the following spells:

 Spells                   Type           Power      Damage    Failure   Level
 Beastly Appendage        Tmut           0%         N/A       97%         1
 Freeze                   Ice            0%         1d3       97%         1
 Kiss of Death            Conj/Necr      0%         2d5       97%         1
 Magic Dart               Conj           0%         1d3       97%         1
 Summon Small Mammal      Summ           0%         N/A       97%         1
 Blink                    Tloc           0%         N/A       99%         2
 Scorch                   Fire           0%         2d5       99%         2
 Searing Ray              Conj           0%         2d4       99%         2
 Wereblood                Tmut           0%         N/A       99%         2
 Call Canine Familiar     Summ           0%         N/A       100%        3
 Confusing Touch          Hex            0%         N/A       100%        3
 Frozen Ramparts          Ice            0%         1d1       100%        3
 Gell's Gravitas          Tloc           0%         N/A       100%        3
 Hailstorm                Conj/Ice       0%         3d3       100%        3
 Ignite Poison            Fire/Tmut/Pois 0%         N/A       100%        3
 Kindle Blastsparks       Fire/Tloc/Air  0%         2d10      100%        3
 Lesser Beckoning         Tloc           0%         N/A       100%        3
 Spider Form              Tmut/Pois      0%         N/A       100%        3
 Stone Arrow              Conj/Erth      0%         3d7       100%        3
 Summon Guardian Golem    Hex/Summ       0%         N/A       100%        3
 Teleport Other           Tloc           0%         N/A       100%        3
 Animate Armour           Summ/Erth      0%         N/A       100%        4
 Animate Dead             Necr           0%         N/A       100%        4
 Dispel Undead            Necr           0%         3d6       100%        4
 Flame Wave               Conj/Fire      0%         2d4       100%        4
 Fulminant Prism          Conj/Hex       0%         3d5       100%        4
 Ice Form                 Ice/Tmut       0%         N/A       100%        4
 Iskenderun's Mystic Bla  Conj/Tloc      0%         2d3       100%        4
 Manifold Assault         Tloc           0%         N/A       100%        4
 Alistair's Intoxication  Tmut/Pois      0%         N/A       100%        5
 Borgnjor's Vile Clutch   Necr/Erth      0%         N/A       100%        5
 Fireball                 Conj/Fire      0%         3d3       100%        5
 Freezing Cloud           Conj/Ice/Air   0%         6-21      100%        5
 Iskenderun's Battlesphe  Conj           0%         2d6       100%        5
 Lee's Rapid Deconstruct  Erth           0%         3d4*      100%        5
 Summon Forest            Summ/Tloc      0%         N/A       100%        5
 Summon Mana Viper        Hex/Summ       0%         N/A       100%        5
 Conjure Ball Lightning   Conj/Air       0%         3x3d6     100%        6
 Death Channel            Necr           0%         N/A       100%        6
 Dispersal                Tloc           0%         N/A       100%        6
 Eringya's Noxious Bog    Tmut/Pois      0%         N/A       100%        6
 Simulacrum               Ice/Necr       0%         N/A       100%        6
 Summon Cactus Giant      Summ           0%         N/A       100%        6
 Orb of Destruction       Conj           0%         9d5       100%        7
 Storm Form               Tmut/Air       0%         N/A       100%        7
 Lehudib's Crystal Spear  Conj/Erth      0%         10d2      100%        8


Dungeon Overview and Level Annotations

Branches:
Dungeon (15/15)            Temple (1/1) D:6            Lair (5/5) D:9
  Swamp (4/4) Lair:2       Spider (0/4) Lair:3        Slime (0/5) Lair:4
    Orc (2/2) D:12            Elf (0/3) Orc:2        Vaults (0/5) D:13
 Depths (0/4) D:15        Ossuary (visited)         Gauntlet (visited)

Altars:
Ashenzari
Cheibriados
Dithmenos
Elyvilon
Fedhas
Gozag
Hepliaklqana
Kikubaaqudgha
Makhleb
Nemelex Xobeh
Okawaru
Qazlal
Ru
Sif Muna
Trog
Uskayaw
Vehumet
Wu Jian
Xom
Yredelemnul
Zin
The Shining One
Jiyva

Shops:
D:1 :   D:6 (   D:8 [   D:10 (   Orc:1 (   Orc:2 =*(=[(((

Annotations:
Swamp:2 3 runed translucent doors, Feimod's ghost, adept SpEn
Swamp:4 1 runed translucent door, ragingrage's ghost, adept DjEn


Innate Abilities, Weirdness & Mutations

You have sharp toenails.
Your magical capacity is low. (-10% MP)
You frequently scream uncontrollably at your foes.


Message History

The fenstrider witch is severely wounded.
You slice the fenstrider witch!!
Lightning courses through the fenstrider witch!
You kill the fenstrider witch!
Makhleb accepts your kill.
Splash!
You fall into the shallow water.
Moving in this stuff is going to be slow.
You hear a splash. x2
A fenstrider witch bone magically twists into a wand of flame (6).
You hit the thorn hunter but do no damage.
You barely miss the eleionoma.
You feel very sick.
The fenstrider witch barely misses you. x2
The blizzard demon waves its arms in wide circles.
The air twists around and strikes you!
* * * LOW HITPOINT WARNING * * *
The eleionoma splashes around in the water.
The thorn hunter fires a volley of thorns at you.
The volley of thorns hits you but does no damage.
You feel very sick.
The fenstrider witch casts a spell at you.
You resist with significant effort.
The thorn hunter gestures.
You block the eleionoma's attack.
The blizzard demon waves its arms in wide circles.
The air twists around and strikes you!
* * * LOW HITPOINT WARNING * * *
You feel much better.
You feel sick.
The fenstrider witch hits you but does no damage.
The fenstrider witch kicks you but does no damage.
You block the eleionoma's attack.
The thorn hunter hits you but does no damage. x2
The fenstrider witch gestures at you while chanting.
Your body is wracked with pain!
* * * LOW HITPOINT WARNING * * *
You feel yourself speed up.
You feel sick. You block the eleionoma's attack.
The thorn hunter fires a volley of thorns at you.
The volley of thorns hits you!!!
You die...

.~~~##♣~§.~~♣**,,,~.~~#~....♣♣~♣
.♣###*♣~.8~.♣####*.~~~#♣~.♣♣♣♣♣♣
##*~~#~~.♣○~.#~~###*~,*♣..♣♣♣♣♣♣
*,,~.§#♣♣♣♣♣#§.~..#***#♣~~.~~~~♣♣
***##~**#***#~#########.~~~~~~...
,~~~t,*,~.§,#.)~~.~.♣#.~♣.~~~~.§~
,~~♣***∩~.~∩#♣♣♣~~~~♣#.~♣~~~~~~~~
,~*~,,~*~~~#~~/R♣~.♣##~~..^.~~~~.
,~,~~~**~,~#♣.2H@~.♣#.~...~~~~~~.
*,~~~~**~,~*♣~~f.~♣##♣~..~~~~~~.~
**~~~~***,**♣.~~.♣# ♣♣~~§§~~~..♣
**,~~,,*∩*~~§~~♣# ♣♣♣~~~..~♣♣
***~~~**#..~♣## ♣.~♣♣.~.♣
**~~~#~~~#* ♣♣♣♣..~♣♣ ****####*
♣♣~..♣♣ ♣~..... ♣..~.|.


You could see a thorn hunter, an eleionoma, a blizzard demon and a fenstrider
witch.

Vanquished Creatures
  3 thorn hunters
  2 fenstrider witches (Swamp:4)
  A frost giant (D:15)
  A stone giant (Orc:2)
  3 eleionomae
  A dire elephant (Lair:5)
  A minotaur (Gauntlet)
  A bunyip (Swamp:3)
  An ettin (Orc:2)
  A green death (Swamp:3)
  Josephine (D:10)
  2 shambling mangroves (Swamp:4)
  Harold (Orc:1)
  2 ghost crabs (Swamp:4)
  A spriggan air mage (Swamp:2)
  3 catoblepae
  14 hydras
  8 centaur warriors
  8 boulder beetles
  9 alligators
  14 two-headed ogres
  5 ogre magi
  Erica (D:8)
  4 tengu warriors
  Urug (D:13)
  Sonja (Orc:1)
  Amaemon (Lair:2)
  A soul eater (Swamp:4)
  2 iron trolls (Orc:2)
  A sixfirhy (Swamp:4)
  A fire crab (Gauntlet)
  3 goliath frogs
  3 spriggan druids
  3 swamp dragons
  2 death drakes
  A spectral anaconda (Lair:5)
  A wizard (D:11)
  An obsidian statue (Lair:5)
  3 bog bodies
  6 orc knights
  A deep elf zephyrmancer (Swamp:4)
  2 necromancers
  5 deep elf pyromancers
  3 orc sorcerers
  2 manticores
  12 ugly things (D:15)
  2 oklob plants (Lair:3)
  3 will-o-the-wisps
  A worldbinder (Gauntlet)
  8 cyclopes
  17 elephants
  6 black mambas
  5 orange demons
  Joseph (D:9)
  A smoke demon (Gauntlet)
  10 cane toads
  A gargoyle (D:12)
  2 torpor snails
  3 unseen horrors
  8 rime drakes
  2 dire elephant skeletons (Lair:5)
  10 komodo dragons
  A tengu conjurer (D:14)
  2 hellwings (Swamp:4)
  12 trolls
  13 blink frogs
  2 bloated husks
  10 tyrant leeches
  2 polar bears
  A slime creature (D:11)
  16 hornets
  A culicivora (Lair:3)
  43 yaks
  21 spriggans
  7 wyverns
  2 jumping spiders (Lair:3)
  A vampire (D:11)
  6 fire bats (Gauntlet)
  3 shadows
  Eustachio (D:4)
  8 wraiths
  6 basilisks
  A neqoxec (Swamp:4)
  5 steam dragons
  A chaos spawn (Swamp:4)
  11 vampire mosquitoes
  4 wargs
  2 hell hounds (Gauntlet)
  15 swamp worms
  2 acid dragons (D:12)
  8 water moccasins
  4 swamp drakes
  26 orc warriors
  An ice beast (D:5)
  2 sky beasts (D:7)
  4 black bears
  21 ogres
  5 boggarts
  An elephant zombie (Lair:5)
  A wolf (D:6)
  20 centaurs
  3 kobold brigands
  2 elf zombies (Ossuary)
  A phantom (D:5)
  9 bullfrogs
  6 gnoll sergeants
  2 necrophages
  A cane toad simulacrum (Lair:5)
  5 wights (D:9)
  An elephant simulacrum (Lair:5)
  3 electric eels
  5 howler monkeys
  4 lava snakes
  4 crimson imps (Gauntlet)
  3 centaur zombies (Ossuary)
  7 hounds
  3 human zombies (Ossuary)
  14 orc priests
  2 gnoll boudas (D:6)
  5 jellies
  5 iguanas
  36 orc wizards
  2 mummies (Ossuary)
  25 gnolls
  7 adders
  2 shadow imps (D:6)
  A white imp (D:6)
  3 ufetubi (D:5)
  2 worms
  A dart slug (D:3)
  94 orcs
  10 endoplasms
  2 giant cockroaches
  6 goblins
  6 hobgoblins
  4 jackals
  4 quokkas
  7 ball pythons
  6 bats
  A frilled lizard (D:1)
  9 hobgoblin zombies (Ossuary)
  3 kobolds
  10 kobold zombies (Ossuary)
  7 orc zombies (Ossuary)
  6 rats
  2 rat zombies (Ossuary)
857 creatures vanquished.

Vanquished Creatures (collateral kills)
  3 dire elephants (Lair:5)
  An ogre mage (D:12)
  2 hydras
  A death yak (Lair:5)
  2 necromancers (Lair:5)
  A deep elf zephyrmancer (D:12)
  A wizard (D:12)
  An elephant (Lair:5)
  A dire elephant zombie (Lair:5)
  A gargoyle (D:12)
  A blink frog (Lair:5)
  A culicivora (shapeshifter) (D:12)
  A spriggan (shapeshifter) (D:12)
  A vampire mosquito (D:12)
  An elephant simulacrum (Lair:5)
19 creatures vanquished.

Vanquished Creatures (others)
  A bunyip (Swamp:3)
  A hydra (D:13)
  A ghost crab (Swamp:3)
  An alligator (Swamp:1)
  A goliath frog (Swamp:3)
  A bloated husk (Swamp:4)
  An orc wizard (D:10)
  A bush (Lair:5)
  3 demonic plants (Gauntlet)
  12 foxfires
  34 fungi
  42 plants
  3 toadstools (D:1)
  22 withered plants
124 creatures vanquished.

Grand Total: 1000 creatures vanquished

Notes
Turn   | Place    | Note
-------+----------+-------------------------------------------
     0 | D:1      | leviel the Hill Orc Fighter began the quest for the Orb.
     0 | D:1      | Reached XP level 1. HP: 19/19 MP: 1/1
    41 | D:1      | Found Gyrhimm's Book Emporium.
    83 | D:1      | Found a faded altar of an unknown god.
   142 | D:1      | Reached skill level 3 in Axes
   162 | D:1      | Reached XP level 2. HP: 27/27 MP: 2/2
   337 | D:1      | Reached XP level 3. HP: 24/33 MP: 3/3
  1064 | D:2      | Reached skill level 4 in Axes
  1173 | D:2      | Reached XP level 4. HP: 40/40 MP: 4/4
  1584 | D:3      | Reached XP level 5. HP: 39/47 MP: 5/5
  1987 | D:4      | Noticed a black bear
  1996 | D:4      | Killed a black bear
  1997 | D:4      | Reached skill level 5 in Axes
  1997 | D:4      | Reached XP level 6. HP: 39/53 MP: 6/6
  2065 | D:4      | Noticed Eustachio
  2258 | D:4      | Killed Eustachio
  2259 | D:4      | Reached skill level 5 in Fighting
  2259 | D:4      | Reached skill level 6 in Axes
  2265 | D:4      | Reached XP level 7. HP: 59/61 MP: 7/7
  2470 | D:4      | Reached skill level 5 in Armour
  2776 | D:5      | Entered Level 5 of the Dungeon
  2783 | D:5      | Found a large runed translucent door.
  2783 | D:5      | Found a large runed translucent door.
  2785 | D:5      | Found a large runed translucent door.
  2785 | D:5      | Found a large runed translucent door.
  2808 | D:5      | Reached skill level 5 in Shields
  2856 | D:5      | Found an ancient bone altar of Kikubaaqudgha.
  2856 | D:5      | Found a basalt altar of Yredelemnul.
  2857 | D:5      | Found a sparkling altar of Nemelex Xobeh.
  2857 | D:5      | Found a burning altar of Makhleb.
  2857 | D:5      | Found a snail-covered altar of Cheibriados.
  2904 | D:5      | Found a sand-covered staircase.
  2910 | Ossuary  | Entered an ossuary
  2953 | Ossuary  | Reached skill level 7 in Axes
  3063 | Ossuary  | Reached XP level 8. HP: 28/70 MP: 8/8
  3090 | Ossuary  | Reached skill level 8 in Axes
  3519 | D:5      | Noticed a shadow
  3523 | D:5      | Killed a shadow
  3960 | D:5      | Reached skill level 9 in Axes
  4119 | D:5      | Reached XP level 9. HP: 78/78 MP: 9/9
  4515 | D:6      | Reached skill level 10 in Axes
  4737 | D:6      | Found a staircase to the Ecumenical Temple.
  4774 | Temple   | Entered the Ecumenical Temple
  4997 | D:5      | Became a worshipper of Makhleb the Destroyer
  5621 | D:6      | Found a glowing golden altar of the Shining One.
  5651 | D:6      | Found Mumestus's Antique Weapon Emporium.
  5846 | D:7      | Reached skill level 11 in Axes
  6212 | D:7      | Reached skill level 1 in Invocations
  6537 | D:8      | Reached XP level 10. HP: 71/88 MP: 11/11
  6548 | D:8      | Reached * piety under Makhleb
  7275 | D:8      | Found a blossoming altar of Fedhas.
  7286 | D:8      | Reached skill level 12 in Axes
  7326 | D:8      | Found a white marble altar of Elyvilon.
  7454 | D:8      | Noticed Erica
  7455 | D:8      | Noticed a two-headed ogre
  7617 | D:9      | Found a staircase to the Lair.
  7633 | D:9      | Found a shimmering altar of Xom.
  7637 | D:9      | Noticed Joseph
  7647 | D:9      | Killed Joseph
  8123 | D:9      | Noticed a two-headed ogre
  8125 | D:9      | Reached skill level 14 in Axes
  8125 | D:9      | Reached XP level 11. HP: 99/99 MP: 12/15
  8126 | D:9      | Reached skill level 10 in Fighting
  8126 | D:9      | Reached skill level 15 in Axes
  8126 | D:9      | Reached XP level 12. HP: 108/108 MP: 12/17
  8127 | D:9      | Gained mutation: You expend magic power (3 MP) to
                  | strengthen your wands. [potion of mutation]
  8127 | D:9      | Gained mutation: You occasionally lose the ability to read
                  | scrolls when taking damage. [potion of mutation]
  8128 | D:9      | Lost mutation: You expend magic power (3 MP) to strengthen
                  | your wands. [potion of mutation]
  8128 | D:9      | Lost mutation: You occasionally lose the ability to read
                  | scrolls when taking damage. [potion of mutation]
  8128 | D:9      | Gained mutation: You have sharp toenails. [potion of
                  | mutation]
  8128 | D:9      | Gained mutation: You occasionally shout uncontrollably at
                  | your foes. [potion of mutation]
  8134 | D:9      | Killed a two-headed ogre
  8135 | D:9      | Reached skill level 10 in Shields
  8333 | D:9      | Reached ** piety under Makhleb
  8485 | D:9      | Paralysed by a hornet for 1 turns
  8749 | D:8      | Found Ibrijac's Antique Armour Shop.
  8762 | D:8      | Bought a shiny helmet for 195 gold pieces
  8811 | D:8      | Killed a two-headed ogre
  8812 | D:8      | Reached skill level 10 in Armour
  8955 | D:8      | Killed Erica
  9072 | D:10     | Entered Level 10 of the Dungeon
  9101 | D:10     | Reached skill level 16 in Axes
  9254 | D:10     | Noticed Josephine
  9281 | D:10     | Killed Josephine
  9836 | D:10     | Reached XP level 13. HP: 105/116 MP: 19/19
  9837 | D:10     | Reached *** piety under Makhleb
  9959 | D:10     | Found Jiptiofy's Antique Weapon Shop.
  9968 | D:10     | Bought a glowing broad axe for 189 gold pieces
 10251 | D:11     | Found a frozen archway.
 10390 | D:11     | Found a gate leading to a gauntlet.
 10400 | Gauntlet | Entered a Gauntlet
 10400 | Gauntlet | Found a transporter.
 10540 | Gauntlet | Found a transporter.
 10798 | Gauntlet | Found a transporter.
 10803 | Gauntlet | Found a transporter.
 10984 | Gauntlet | Found a transporter.
 10984 | Gauntlet | Found a transporter.
 10999 | Gauntlet | Found a transporter.
 11009 | Gauntlet | Found a transporter.
 11009 | Gauntlet | Found a transporter.
 11018 | Gauntlet | Found a transporter.
 11026 | Gauntlet | Found a transporter.
 11027 | Gauntlet | Found a transporter.
 11027 | Gauntlet | Found a transporter.
 11038 | Gauntlet | Found a transporter.
 11049 | Gauntlet | Reached skill level 17 in Axes
 11129 | Gauntlet | Noticed a minotaur
 11138 | Gauntlet | Killed a minotaur
 11149 | Gauntlet | Identified the +0 ring mail "Jigonlin" {rF+ Str+3 SInv}
 11870 | D:11     | Noticed an ice dragon
 12022 | Lair:1   | Entered Level 1 of the Lair of Beasts
 12189 | Lair:1   | Reached **** piety under Makhleb
 12284 | Lair:1   | Reached skill level 10 in Invocations
 12499 | Lair:1   | Reached skill level 18 in Axes
 12626 | Lair:1   | Reached XP level 14. HP: 127/127 MP: 21/21
 12637 | Lair:1   | Found a shimmering altar of Xom.
 13031 | Lair:2   | Noticed Amaemon
 13044 | Lair:2   | Killed Amaemon
 13123 | Lair:2   | Reached ***** piety under Makhleb
 13134 | Lair:2   | Found a staircase to the Swamp.
 14144 | Lair:3   | Found a hole to the Spider Nest.
 14554 | Lair:4   | Found a staircase to the Slime Pits.
 14554 | Lair:4   | Found a viscous altar of Jiyva.
 15576 | Lair:5   | Entered Level 5 of the Lair of Beasts
 15583 | Lair:5   | Reached ****** piety under Makhleb
 15601 | Lair:5   | Reached XP level 15. HP: 127/137 MP: 25/25
 16032 | Lair:5   | HP: 6/138 [11-headed hydra (4)]
 16301 | Lair:5   | Found the +13 scythe of Curses {drain, Drain}
 16806 | Lair:5   | Reached skill level 15 in Invocations
 17430 | D:12     | Identified the +7 great sword "Imnedatisi" {drain, Dex+4}
 17509 | D:12     | Found a staircase to the Orcish Mines.
 18003 | Orc:1    | Entered Level 1 of the Orcish Mines
 18024 | Orc:1    | Noticed Sonja
 18044 | Orc:1    | Noticed Harold
 18124 | Orc:1    | Killed Harold
 18164 | Orc:1    | Killed Sonja
 18165 | Orc:1    | Reached skill level 15 in Fighting
 18439 | Orc:1    | Found Voh Risu's Weapon Shop.
 18682 | Orc:2    | Entered Level 2 of the Orcish Mines
 18682 | Orc:2    | Found a staircase to the Elven Halls.
 18709 | Orc:2    | Reached XP level 16. HP: 146/146 MP: 28/28
 18731 | Orc:2    | Found Zatoz's Weapon Shop.
 18822 | Orc:2    | Found Xures's Jewellery Boutique.
 18888 | Orc:2    | Paralysed by an ogre mage for 3 turns
 18898 | Orc:2    | Found Pogeups's Weapon Emporium.
 18936 | Orc:2    | Found Roqeidgh's Armour Boutique.
 18939 | Orc:2    | Bought the amulet "Ydghiotecs" {Faith rElec rF+ rC++
                  | Regen+} for 863 gold pieces
 18960 | Orc:2    | Found Qiahel's General Store.
 18961 | Orc:2    | Found Solad's Jewellery Boutique.
 19073 | Orc:2    | Found Ysisoape's Weapon Emporium.
 19122 | Orc:2    | Found Roguawn's Antique Weapon Boutique.
 19703 | Swamp:1  | Entered Level 1 of the Swamp
 20048 | D:13     | Noticed Urug
 20090 | D:13     | Killed Urug
 20121 | D:13     | Found a gate to the Vaults.
 20547 | D:14     | Found a shimmering altar of Xom.
 20549 | D:14     | Found a snail-covered altar of Cheibriados.
 20549 | D:14     | Found a hazy altar of Hepliaklqana.
 20551 | D:14     | Found a sparkling altar of Nemelex Xobeh.
 20551 | D:14     | Found a shadowy altar of Dithmenos.
 20551 | D:14     | Found a glowing golden altar of the Shining One.
 20864 | D:15     | Entered Level 15 of the Dungeon
 21049 | D:15     | Reached skill level 1 in Dodging
 21202 | D:15     | Found a staircase to the Depths.
 21217 | D:15     | Reached XP level 17. HP: 158/158 MP: 29/29
 21551 | Orc:2    | Bought the ring of Xuqaurch {rElec rPois rCorr Dex+6 SInv}
                  | for 896 gold pieces
 21758 | Swamp:1  | Reached skill level 15 in Shields
 22019 | Swamp:1  | Reached skill level 15 in Armour
 22711 | Swamp:2  | Noticed a tentacled monstrosity
 22713 | Swamp:2  | Noticed a tentacled monstrosity
 22721 | Swamp:2  | Found a runed translucent gate.
 22721 | Swamp:2  | Found a runed translucent gate.
 22723 | Swamp:2  | Found a runed translucent gate.
 22723 | Swamp:2  | Noticed Feimod's ghost (adept SpEn)
 23422 | Swamp:4  | Entered Level 4 of the Swamp
 23735 | Swamp:4  | Found a runed translucent door.
 23740 | Swamp:4  | Found a shimmering altar of Xom.
 23740 | Swamp:4  | Noticed ragingrage's ghost (adept DjEn)
 23740 | Swamp:4  | Identified the +5 glaive "Awobrej" {chaos, rElec rPois
                  | Dex-5 Stlth+}
 23975 | Swamp:4  | Gained mutation: Your magical capacity is low. (-10% MP) [a
                  | neqoxec]
 23979 | Swamp:4  | Gained mutation: You frequently scream uncontrollably at
                  | your foes. [a neqoxec]
 24238 | Swamp:4  | Paralysed by a fenstrider witch for 5 turns
 24258 | Swamp:4  | Reached skill level 5 in Dodging
 24455 | Swamp:4  | Killed from afar by a thorn hunter

Illustrated notes

Levels and vault maps discovered:
D:1:      dpeg_arrival_pond, layout_rooms,
          shapermc_ecumenical_altar_totnotflames, serial_shops,
          nicolae_shop_behind_doors, minmay_gold_behind_fungi,
          minmay_stone_trees_small, hex_large
D:2:      layout_basic
D:3:      layout_rooms
D:4:      layout_cave_pools, uniq_eustachio
D:5:      layout_loops_ring, grunt_temple_overflow_open,
          nicolae_ossuary_entry_plus, minmay_hollow_rounded_squares
D:6:      layout_cave_pools, mainiacjoe_overflow_alcove_2, temple_fountains,
          serial_gnoll_camp, gnoll_camp_mini_hut, gnoll_camp_mini_shop,
          gnoll_camp_medium_01, gnoll_camp_mini_sergeant, gnoll_camp_mini_house,
          gnoll_camp_mini_basic, chequers_serial_rivers_small_3,
          nicolae_lava_and_water
D:7:      layout_basic
D:8:      minmay_flawed_box, layout_rooms, elyvilon_altar_3, fedhas_altar_3,
          serial_shops, nicolae_shop_temple_entry_statues_fountains, uniq_erica
D:9:      layout_grid_maze, mainiacjoe_overflow_small_starburst,
          dpeg_oklobed_lair, uniq_joseph
D:10:     layout_basic, serial_shops, shop, kennysheep_boxes, uniq_josephine
D:11:     minmay_shrinking_squares, layout_basic, gauntlet_entry_generic,
          portal_ice_cave_entry_pillars_2
D:12:     minmay_the_grid_octo_2x2 [minmay_the_grid_octo_clover_2,
          minmay_the_grid_octo_checkerflower,
          minmay_the_grid_octo_thin_diamonds,
          minmay_the_grid_octo_prize_ultimate_mussel_roller],
          layout_irregular_city
D:13:     layout_rooms, david_vaults_4, uniq_urug
D:14:     layout_roguey, nicolae_two_hexagons, doesnt_xom_only_xom
D:15:     grunt_enter_depths_snipers, layout_cross
Temple:   nicolae_temple_god_jail
Lair:1:   layout_regular_city, lemuel_centaur_altar, grunt_megastairs_3,
          serial_bayou_shore_a
Lair:2:   layout_loops_ring, minmay_swamp_entry_reptiles,
          infiniplex_staircase_pool, uniq_amaemon
Lair:3:   layout_long_grid, spider_nest_entry_funnel_web, dpeg_oklob_1,
          lemuel_fruit_tree, infiniplex_staircase_pool_2
Lair:4:   kb_forest_paths, layout_gridlike, nicolae_slime_entry_slimehenge,
          beast_lair_carwin_11
Lair:5:   due_jungle_book, layout_loops_ring, st_stairs_9
Swamp:1:  layout_falls_marsh, evilmike_swamp_ruin_house_1
Swamp:2:  layout_basic_swamp, gammafunk_ghost_split, nicolae_swamp_big_swirl
Swamp:3:  layout_falls_marsh, serial_swamp_ruin, evilmike_swamp_ruin_house_3,
          evilmike_swamp_ruin_rubble_2, swamp_pool1
Swamp:4:  nzn_swamp_witches_coven, layout_basic_swamp, ebering_ghost_xom,
          swamp_pool1, nicolae_swamp_drake_lake
Orc:1:    layout_caves, serial_shops, nicolae_shop_stone, uniq_harold,
          uniq_sonja
Orc:2:    st_orc_open, layout_caves, serial_shops,
          nicolae_shop_overgrown_old_shop, shop, shop_coins,
          nicolae_shop_bloodbath_and_beyond

Skill      XL: |  1  2  3  4  5  6  7  8  9 10 11 12 13 14 15 16 17 |
---------------+----------------------------------------------------+-----
Axes           | 3 4 5 6 7 9 11 14 15 16 18 | 18.0
Fighting       | 4 5 6 8 9 10 11 12 13 15 16 17 | 17.4
Armour         | 4 5 6 7 9 10 11 12 13 14 16 | 16.0
Shields        | 4 5 6 7 9 10 11 12 13 14 16 | 16.1
Invocations    | 1 6 7 8 10 13 16 17 | 17.9
Dodging        | 2 5 |  5.2

Action                   |  1- 3 |  4- 6 |  7- 9 | 10-12 | 13-15 | 16-18 || total
-------------------------+-------+-------+-------+-------+-------+-------++-------
Melee: War axe           |    85 |   110 |   437 |   293 |     4 |       ||   929
       Broad axe         |       |       |       |       |   858 |   883 ||  1741
       Battleaxe         |       |       |       |       |       |    19 ||    19
Invok: Greater Servant o |       |       |       |       |     4 |       ||     4
Evoke: Phantom mirror    |       |       |       |     1 |       |       ||     1
       Wand              |       |       |       |       |     9 |     1 ||    10
  Use: Potion            |       |     1 |       |    10 |     3 |     5 ||    19
       Scroll            |       |       |    14 |     7 |    11 |     6 ||    38
 Stab: Distracted        |       |       |     1 |       |     2 |       ||     3
Armor: Scale mail        |    37 |       |       |       |       |       ||    37
       Plate armour      |    24 |   130 |   339 |   199 |   652 |   871 ||  2215
Dodge: Dodged            |    41 |    44 |   160 |    59 |   301 |   364 ||   969
Block: Buckler           |    24 |    42 |   118 |    87 |   267 |   114 ||   652
       Kite shield       |       |       |       |       |       |   447 ||   447

Table legend: (Time is in decaauts)
 A = Elapsed time spent in this place.
 B = Non-inter-level travel time spent in this place.
 C = Inter-level travel time spent in this place.
 D = Time resting spent in this place.
 E = Time spent auto-exploring this place.
 F = Levels seen in this place.
 G = Mean time per level.
                   A        B        C        D        E       F      G
               +--------+--------+--------+--------+--------+-----+--------+
         Total |  24432 |  21934 |   2498 |   3311 |  13331 |  29 |  842.5 |
       Dungeon |  13817 |  12261 |   1556 |   1964 |   7717 |  15 |  921.1 |
        Temple |     65 |     42 |     23 |      0 |     29 |   1 |   65.0 |
          Lair |   5144 |   4609 |    535 |    215 |   3362 |   5 | 1028.8 |
         Swamp |   2650 |   2573 |     77 |    422 |   1227 |   4 |  662.5 |
  Orcish Mines |   1539 |   1233 |    306 |     29 |    845 |   2 |  769.5 |
       Ossuary |    468 |    468 |      0 |    157 |    100 |   1 |  468.0 |
      Gauntlet |    746 |    746 |      0 |    523 |     50 |   1 |  746.0 |
               +--------+--------+--------+--------+--------+-----+--------+

Top non-repeatable levels by time:
     D:9: 1391 daAuts
     D:6: 1351 daAuts
    D:10: 1308 daAuts
  Lair:4: 1237 daAuts
  Lair:5: 1231 daAuts
     D:5: 1213 daAuts
     D:7: 1183 daAuts
    D:11: 1064 daAuts
    D:12: 1055 daAuts
  Lair:1: 1024 daAuts
  Lair:2: 910 daAuts
     D:2: 903 daAuts
 Swamp:3: 901 daAuts
   Orc:2: 864 daAuts
 Swamp:4: 856 daAuts
